 Dungeon Crawl Stone Soup version 0.18-a0-705-g580043c (webtiles) character file.

352 Duffy the Cleaver (level 6, -14/51 HPs)
             Began as a Minotaur Fighter on Dec 7, 2015.
             Demolished by an ogre
             ... wielding a +0 giant club
              (18 damage)
             ... on level 4 of the Dungeon.
             The game lasted 00:02:23 (2687 turns).

Duffy the Cleaver (Minotaur Fighter)                Turns: 2687, Time: 00:02:23

Health: -14/51     AC:  9    Str: 23    XL:     6   Next: 34%
Magic:  5/5        EV:  8    Int:  5    God:
Gold:   138        SH:  0    Dex:  9    Spells: 0 memorised, 5 levels left

rFire  . . .     SeeInvis .     a - +0 war axe
rCold  . . .     Clarity  .     w - +0 chain mail
rNeg   . . .     SustAt   .     (no shield)
rPois  .         Gourm    .     (helmet restricted)
rElec  .         Spirit   .     (no cloak)
rCorr  .         Dismiss  .     (no gloves)
rMut   .         Stasis   .     (no boots)
MR     .....                    (no amulet)
Stlth  ..........               (no ring)
                                (no ring)

@: not resistant to hostile enchantments, extremely unstealthy
A: retaliatory headbutt, horns 2
a: no special abilities


You were on level 4 of the Dungeon.
You were not hungry.

You visited 1 branch of the dungeon, and saw 4 of its levels.

You collected 138 gold pieces.


Innate Abilities, Weirdness & Mutations

You reflexively headbutt those who attack you in melee.
You have a pair of horns on your head.


   Skills:
 - Level 3.6 Fighting
 + Level 8.2 Axes
 - Level 3.6 Armour
 - Level 3.6 Shields


You had 5 spell levels left.
You didn't know any spells.

Inventory:

Hand Weapons
 a - a +0 war axe (weapon)
Missiles
 v - 2 exploding tomahawks (quivered)
 y - 8 poisoned needles
Armour
 b - a +0 scale mail
 c - a +0 shield
 w - a +0 chain mail (worn)
Jewellery
 x - an uncursed ring of sustain attributes {unknown}
Wands
 r - a wand of slowing (33)
Scrolls
 f - 2 scrolls of fear {unknown}
 h - 4 scrolls of amnesia {unknown}
 i - 2 scrolls of recharging {unknown}
 j - 4 scrolls of teleportation {unknown}
 l - 4 scrolls of identify {unknown}
 t - 2 scrolls of remove curse {unknown}
Potions
 d - a potion of might
 g - a potion of mutation {unknown}
 k - a potion of invisibility {unknown}
 n - a potion of degeneration {unknown}
 q - a potion of flight {unknown}
Comestibles
 e - 2 bread rations
 m - a royal jelly
 o - a beef jerky
 p - a meat ration
 s - 4 fruits

Dungeon Overview and Level Annotations

Branches:
Dungeon (4/15)
 Temple: D:4-7

Altars:
Gozag
Pakellas


Message History

The orc wizard casts a spell at you. The puff of frost hits you!
You hit the orc wizard.
The orc wizard is moderately wounded.
The orc wizard hits you but does no damage.
The orc wizard closely misses you.
You hit the orc wizard.
The orc wizard is severely wounded.
The hound pauses to sniff the ground.
The orc wizard hits you but does no damage. x2
You barely miss the orc wizard. Your headbutt misses the orc wizard.
The orc wizard is severely wounded.
The orc wizard hits you but does no damage.
Your chain mail prevents you from hitting the orc wizard.
The orc wizard is severely wounded.
The orc wizard hits you but does no damage.
The orc wizard points at you and mumbles some strange words.
The magic dart hits you!
You are too injured to fight recklessly!
You are too injured to fight recklessly!
You are too injured to fight recklessly!
You are too injured to fight recklessly!
You closely miss the orc wizard.
The orc wizard is severely wounded.
The orc wizard hits you but does no damage.
The orc wizard barely misses you.
You slash the orc wizard!
You kill the orc wizard!
You hit the ogre.
The ogre is lightly wounded.
The ogre hits you with a giant club!!
You slash the ogre!
The ogre is moderately wounded.
The ogre hits you with a giant club!!
You die...

#.. #.. #.. #..###
####.... ^.....?. #
~~###...#########..###
~^.......))))[@Oh.....
####...##########..##
#...# #...# #...#
#...# #.###...#
#.......# #..###<.#


You could see an ogre and a hound.

Action                   |  1- 3 |  4- 6 || total
-------------------------+-------+-------++-------
Melee: War axe           |    66 |   145 ||   211
  Eat: Chunk             |       |     6 ||     6

Notes
Turn   | Place    | Note
--------------------------------------------------------------
     0 | D:1      | Duffy the Minotaur Fighter began the quest for the Orb.
     0 | D:1      | Reached XP level 1. HP: 19/19 MP: 0/0
    74 | D:1      | Reached skill level 3 in Axes
   102 | D:1      | Reached XP level 2. HP: 26/26 MP: 1/1
   591 | D:1      | Reached skill level 4 in Axes
   750 | D:2      | Reached XP level 3. HP: 20/31 MP: 2/2
  1062 | D:2      | Reached skill level 5 in Axes
  1209 | D:2      | Noticed Terence
  1216 | D:2      | Killed Terence
  1216 | D:2      | Reached XP level 4. HP: 28/39 MP: 3/3
  1343 | D:2      | Found an opulent altar of Gozag.
  1620 | D:3      | Reached skill level 6 in Axes
  1995 | D:3      | Reached XP level 5. HP: 45/45 MP: 4/4
  2315 | D:3      | Reached skill level 7 in Axes
  2445 | D:3      | Found an oddly glowing altar of Pakellas.
  2652 | D:4      | Reached XP level 6. HP: 27/51 MP: 5/5
  2654 | D:4      | Reached skill level 8 in Axes
  2687 | D:4      | Demolished by an ogre

Vault maps used:
D:1:      minmay_arrival_wavy_path
D:2:      nicolae_gozag_cash_rules_everything_around_me, uniq_terence
D:3:      first_bread, grunt_pakellas_salt
D:4:      grunt_temple_overflow_forces_of_nature, uniq_natasha

Vanquished Creatures
  5 orc wizards Terence
  A worker ant
  3 gnolls
  5 adders
  An ooze
  3 worms
  2 giant geckos
  8 orcs
  8 bats
  A giant cockroach
  11 hobgoblins
  2 jackals
  A ball python
  7 giant newts
  7 goblins
  4 kobolds
  8 rats
78 creatures vanquished.
